 Dungeon Crawl Stone Soup version 0.20.1-1-g8b1a95d (webtiles) character file.

735 vineage the Basher (level 7, 0/41 HPs)
             Began as a Gargoyle Fighter on Nov 4, 2017.
             Slain by Sigmund
             ... wielding a +1 scythe of pain
              (4 damage)
             ... on level 4 of the Dungeon.
             The game lasted 00:06:25 (3346 turns).

vineage the Basher (Gargoyle Fighter)               Turns: 3346, Time: 00:06:25

Health: 0/41       AC: 11    Str: 19 (21) XL:     7   Next: 74%
Magic:  7/7        EV:  7    Int: 13 (14) God:
Gold:   200        SH:  8    Dex:  8 (9)  Spells: 6/6 levels left

rFire    + . .     SeeInvis .   a - +0 flail
rCold    + . .     Gourm    .   c - +0 shield
rNeg     + . .     Faith    .   b - +0 scale mail
rPois    ∞         Spirit   .   (no helmet)
rElec    +         Reflect  .   (no cloak)
rCorr    +         Harm     .   (no gloves)
MR       .....                  (no boots)
Stlth    ..........             (no amulet)
Regen    0.2/turn               (no ring)
MPRegen  0.1/turn               (no ring)

@: brilliant, about to teleport, resistant, hasted, very quick
A: negative energy resistance 1, electricity resistance, unbreathing,
petrification resistance, rot immunity, AC +4
a: no special abilities


You were on level 4 of the Dungeon.
You were hungry.

You visited 1 branch of the dungeon, and saw 4 of its levels.

You collected 200 gold pieces.

Inventory:

Hand Weapons
 a - a +0 flail (weapon)
Armour
 b - a +0 scale mail (worn)
 c - a +0 shield (worn)
Jewellery
 t - a +3 ring of strength {unknown}
 y - a +4 ring of dexterity {unknown}
Scrolls
 g - a scroll of noise {unknown}
 i - 2 scrolls of fog {unknown}
 l - 3 scrolls of remove curse
 n - a scroll of fear {unknown}
 o - a scroll of enchant armour {unknown}
 p - 4 scrolls of identify
 q - 2 scrolls of teleportation
 r - a scroll of magic mapping {unknown}
 s - a scroll of blinking {unknown}
 w - a scroll of random uselessness {unknown}
 A - a scroll of recharging {unknown}
Comestibles
 f - 4 bread rations
 k - 2 fruits
 u - a meat ration
 x - a royal jelly


   Skills:
 - Level 3.2 Fighting
 + Level 8.5 Maces & Flails
 - Level 3.2 Armour
 - Level 3.2 Shields


You had 6 spell levels left.
You didn't know any spells.

Dungeon Overview and Level Annotations

Branches:
Dungeon (4/15)
 Temple: D:4-7

Altars:
Gozag
Yredelemnul

Annotations:
D:4 Sigmund


Innate Abilities, Weirdness & Mutations

You are resistant to torment.
Your stone body is resilient. (AC +4)
You are immune to poison.
You resist negative energy. (rN+)
You are resistant to electric shocks. (rElec)
You can survive without breathing.
You are immune to petrification.
You are immune to rotting.


Message History

You hear some strange, mumbled words.
A magic dart appears from out of thin air!
The magic dart hits you! The gnoll hits you but does no damage.
You miss something. Something hits you but does no damage.
The gnoll hits you from afar with a spear.
* * * LOW HITPOINT WARNING * * *
You closely miss something.
As you read the scroll labeled PUELAM UHETUS, it crumbles to dust.
You feel blessed for a moment.
It was a scroll of remove curse.
The gnoll hits you but does no damage. Something hits you but does no damage.
You writhe in agony.
* * * LOW HITPOINT WARNING * * *
As you read the scroll labeled LIAGUN ME TOKI, it crumbles to dust.
It is a scroll of identify.
q - 3 scrolls of teleportation You block the gnoll's attack.
You aren't carrying any potions.
As you read the scroll of teleportation, it crumbles to dust.
You feel strangely unstable. Something hits you.
You die...

#.#.........####...#
#.#...##.##.##..#..#
#...##.##..##.#..#
#...##.##..##.#..#
#...#.....##.#...#
#....####........#
#..#g# #####....#
#..#.# ##...# .. #@#
#...# ###...{....#
#...# #........#
#...# #........#
##### #........#
#........#
##.......# #.......#


You could see a gnoll.

Vanquished Creatures
  Grinder (D:4)
  An ogre (D:4)
  Blork the orc (D:4)
  2 worker ants (D:4)
  Natasha (twice) (D:4)
  2 orc wizards (D:3)
  3 gnolls (D:4)
  10 adders
  A worm (D:2)
  4 dart slugs
  2 leopard geckos (D:4)
  14 orcs
  3 bats
  4 giant cockroaches
  6 goblins
  5 hobgoblins
  14 jackals
  A quokka (D:3)
  3 ball pythons
  6 frilled lizards
  9 kobolds
  2 quokka skeletons (D:4)
  5 rats (D:1)
101 creatures vanquished.

Notes
Turn   | Place    | Note
-------+----------+-------------------------------------------
     0 | D:1      | vineage the Gargoyle Fighter began the quest for the Orb.
     0 | D:1      | Reached XP level 1. HP: 14/14 MP: 1/1
   175 | D:1      | Reached XP level 2. HP: 18/19 MP: 2/2
   256 | D:1      | Reached skill level 3 in Maces & Flails
   553 | D:1      | Reached XP level 3. HP: 23/23 MP: 3/3
  1095 | D:2      | Reached skill level 4 in Maces & Flails
  1327 | D:2      | Reached XP level 4. HP: 17/28 MP: 4/4
  1882 | D:3      | Reached skill level 5 in Maces & Flails
  1882 | D:3      | Reached XP level 5. HP: 32/32 MP: 5/5
  1955 | D:3      | Found a faded altar of an unknown god.
  2425 | D:3      | Reached skill level 6 in Maces & Flails
  2510 | D:4      | Found an opulent altar of Gozag.
  2598 | D:4      | Reached XP level 6. HP: 29/37 MP: 6/6
  2619 | D:4      | Noticed Grinder
  2621 | D:4      | Paralysed by Grinder for 4 turns
  2631 | D:4      | Paralysed by Grinder for 6 turns
  2650 | D:4      | Noticed Natasha
  2656 | D:4      | Paralysed by Grinder for 5 turns
  2661 | D:4      | Killed Grinder
  2661 | D:4      | Reached skill level 7 in Maces & Flails
  2661 | D:4      | Reached XP level 7. HP: 15/41 MP: 7/7
  2671 | D:4      | Killed Natasha
  2818 | D:4      | Noticed Natasha
  2820 | D:4      | Killed Natasha
  2916 | D:4      | Noticed Blork the orc
  2925 | D:4      | Killed Blork the orc
  2925 | D:4      | Reached skill level 8 in Maces & Flails
  2926 | D:4      | Found a basalt altar of Yredelemnul.
  3296 | D:4      | Noticed Sigmund
  3346 | D:4      | Slain by Sigmund

Skill      XL: |  1  2  3  4  5  6  7 |
---------------+----------------------+-----
Maces & Flails | 3 4 5 6 7 8 |  8.5
Fighting       | |  3.2
Armour         | |  3.2
Shields        | |  3.2

Action                   |  1- 3 |  4- 6 |  7- 9 || total
-------------------------+-------+-------+-------++-------
Melee: Flail             |   144 |   193 |   105 ||   442
  Use: Potion            |       |     4 |     9 ||    13
       Scroll            |       |       |     3 ||     3
  Eat: Chunk             |     1 |     4 |     3 ||     8
Armor: Scale mail        |    78 |   121 |    71 ||   270
Dodge: Dodged            |    46 |    73 |    44 ||   163
Block: Shield            |    84 |    89 |    68 ||   241
